 Dungeon Crawl Stone Soup version 0.31.0-11-ge490571c62 (webtiles) character file.

Game seed: 262760391991372180

58343 monsoonserge the Unseen (level 14, 0/68 HPs)
             Began as a Spriggan Artificer on Feb 4, 2024.
             Was a Follower of Uskayaw.
             Slain by a death yak (19 damage)
             ... on level 5 of the Lair of Beasts.
             The game lasted 01:30:21 (24818 turns).

monsoonserge the Unseen (Spriggan Artificer)       Turns: 24818, Time: 01:30:22

Health: 0/68       AC: 14    Str:  8    XL:     14   Next: 49%
Magic:  17/23      EV: 26    Int: 12    God:    Uskayaw [*.....]
Gold:   516        SH: 13    Dex: 21    Spells: 18/21 levels left

rFire   + . .        P - +5 rapier (venom)
rCold   + . .        E - +1 buckler {rPois}
rNeg    . . .        L - +0 acid dragon scales
rPois   +            C - +2 hat
rElec   .            M - +0 cloak of a Thousand Ears {Harm rPois rF+}
rCorr   +            (gloves unavailable)
SInv    +            (boots unavailable)
Will    ++...        N - amulet of reflection
Stlth   +++++++      b - +4 ring of protection
HPRegen 0.31/turn    k - ring of protection from cold
MPRegen 0.18/turn

%: harm (+30% outgoing, +20% incoming), reflection
@: very quick
A: very small, no large weapons, unfitting armour, see invisible, speed 3
a: Renounce Religion, Stomp


You were on level 5 of the Lair of Beasts.
You worshipped Uskayaw.
Uskayaw was aware of your devotion.
You visited 3 branches of the dungeon, and saw 17 of its levels.

You collected 996 gold pieces.
You spent 480 gold pieces at shops.

Inventory:

Hand Weapons
 P - a +5 rapier of venom (weapon)
Missiles
 w - 17 poisoned darts (quivered)
 D - 13 boomerangs
 F - a curare-tipped dart
 Q - 8 atropa-tipped darts
Armour
 C - a +2 hat (worn)
 E - a +1 buckler of poison resistance (worn)
 L - +0 acid dragon scales (worn)
 M - the +0 cloak of a Thousand Ears (worn) {Harm rPois rF+}
   (You found it on level 8 of the Dungeon)

   rF+:       It protects you from fire.
   rPois:     It protects you from poison Harm: It increases damage dealt and
   taken.
 T - a +0 robe of positive energy
 X - a +1 robe of cold resistance
Magical Staves
 x - a staff of air
 J - a staff of death
Jewellery
 b - a +4 ring of protection (left hand)
 g - a +6 ring of strength
 k - a ring of protection from cold (right hand)
 N - an amulet of reflection (around neck)
 O - a ring of protection from cold
 V - a ring of poison resistance
 W - a ring of ice
Wands
 d - a wand of charming (15)
 e - a wand of iceblast (10)
 p - a wand of paralysis (11)
 v - a wand of flame (65)
 A - a wand of acid (25)
 K - a wand of polymorph (5)
Scrolls
 c - a scroll of blinking
 f - 3 scrolls of enchant armour
 h - 3 scrolls of revelation
 o - 2 scrolls of poison
 q - 8 scrolls of teleportation
 s - 5 scrolls of fog {unknown}
 u - 4 scrolls of amnesia
 y - 3 scrolls of torment
 G - 2 scrolls of enchant weapon
 H - a scroll of silence
 I - 3 scrolls of summoning
 R - 2 scrolls of immolation
 Z - a scroll of vulnerability
Potions
 a - a potion of berserk rage
 i - 10 potions of heal wounds {unknown}
 j - 2 potions of lignification
 l - a potion of attraction
 m - 8 potions of curing
 n - 5 potions of might
 r - 2 potions of invisibility
 t - a potion of ambrosia {unknown}
 z - 3 potions of mutation
 B - 3 potions of magic
 S - 3 potions of haste
 U - a potion of enlightenment {unknown}
 Y - a potion of cancellation {unknown}


   Skills:
 + Level 5.3 Fighting
 - Level 10.0 Short Blades
 + Level 1.2 Throwing
 + Level 5.2 Armour
 + Level 13.0 Dodging
 + Level 18.0 Stealth
 + Level 7.6 Shields
 * Level 4.3 Spellcasting
 - Level 2.0 Conjurations
 - Level 3.0 Air Magic
 * Level 3.1 Alchemy
 * Level 11.3 Invocations
 + Level 4.7 Evocations


You had 18 spell levels left.
You knew the following spells:

 Your Spells              Type           Power      Damage    Failure   Level
a - Mephitic Cloud        Conj/Alch/Air  9%         N/A       45%         3

Your spell library contained the following spells:

 Spells                   Type           Power      Damage    Failure   Level
 Foxfire                  Conj/Fire      20%        2x1d5     32%         1
 Kiss of Death            Conj/Necr      20%        2d7       32%         1
 Cigotuvi's Dreadful Rot  Necr/Alch/Air  14%        N/A       32%         2
 Sandblast                Erth           4%         2d4       45%         1
 Summon Small Mammal      Summ           8%         N/A       45%         1
 Ensorcelled Hibernation  Hex/Ice        4%         N/A       58%         2
 Dazzling Flash           Conj/Hex       10%        N/A       69%         3
 Stone Arrow              Conj/Erth      10%        3d7       69%         3
 Call Canine Familiar     Summ           2%         N/A       83%         3
 Confusing Touch          Hex            2%         N/A       83%         3
 Frozen Ramparts          Ice            4%         1d1       83%         3
 Fugue of the Fallen      Necr           2%         N/A       83%         3
 Ozocubu's Armour         Ice            2%         N/A       83%         3
 Passwall                 Erth           2%         N/A       83%         3
 Vampiric Draining        Necr           2%         2d6       83%         3
 Leda's Liquefaction      Alch/Erth      3%         N/A       95%         4
 Petrify                  Alch/Erth      6%         N/A       95%         4
 Brom's Barrelling Bould  Conj/Erth      5%         2d3       97%         4
 Alistair's Intoxication  Alch           6%         N/A       98%         5
 Anguish                  Hex/Necr       1%         N/A       99%         4
 Dispel Undead            Necr           2%         3d7       99%         4
 Manifold Assault         Tloc           2%         N/A       99%         4
 Martyr's Knell           Necr/Summ      2%         N/A       99%         4
 Summon Blazeheart Golem  Fire/Summ      2%         N/A       99%         4
 Iskenderun's Battlesphe  Conj           7%         2d6       99%         5
 Borgnjor's Vile Clutch   Necr/Erth      1%         N/A       100%        5
 Curse of Agony           Necr           2%         N/A       100%        5
 Fireball                 Conj/Fire      2%         3d4       100%        5
 Metabolic Englaciation   Hex/Ice        1%         N/A       100%        5
 Silence                  Hex/Air        3%         N/A       100%        5
 Bombard                  Conj/Erth      2%         9d1       100%        6
 Conjure Ball Lightning   Conj/Air       4%         3x3d6     100%        6
 Death Channel            Necr           1%         N/A       100%        6
 Eringya's Noxious Bog    Alch           5%         4d6       100%        6
 Plasma Beam              Fire/Air       3%         2x1d13    100%        6
 Starburst                Conj/Fire      2%         6d3       100%        6
 Orb of Destruction       Conj           3%         9d5       100%        7
 Spellforged Servitor     Conj/Summ      2%         N/A       100%        7
 Lehudib's Crystal Spear  Conj/Erth      2%         10d2      100%        8
 Shatter                  Erth           1%         3d5*      100%        9


Dungeon Overview and Level Annotations

Branches:
Dungeon (11/15)            Temple (1/1) D:5            Lair (5/5) D:9
  Swamp (0/4) Lair:2       Spider (0/4) Lair:2        Slime (0/5) Lair:5
    Orc (0/2) D:10

Altars:
Ashenzari
Cheibriados
Dithmenos
Elyvilon
Fedhas
Gozag
Hepliaklqana
Kikubaaqudgha
Makhleb
Nemelex Xobeh
Okawaru
Qazlal
Ru
Sif Muna
Trog
Uskayaw
Vehumet
Wu Jian
Xom
Yredelemnul
Zin
The Shining One

Shops:
D:1 !   D:2 [   D:3 [   D:5 (   D:8 [

Annotations:
D:8 1 transporter
Lair:5 exclusion: oklob plant


Innate Abilities, Weirdness & Mutations

You are very small and have problems with some larger weapons.
You are too small for most types of armour.
You have supernaturally acute eyesight. (SInv)
You cover ground extremely quickly. (Speed+++)


Message History

R - 2 scrolls of immolation (gained 1)
The +2 dagger of Pride {protect, rElec Stlth+} goes still.
You are now empty-handed.
You drop the +2 dagger of Pride {protect, rElec Stlth+}.
You see here a +5 rapier of venom.
P - a +5 rapier of venom Your +5 rapier of venom begins to drip with poison!
P - a +5 rapier of venom (weapon)
You see here a +1 leather armour of fire resistance.
You now have 510 gold pieces (gained 7).
You see here a +0 cloak.
Your pack is full.
You see here an amulet of magic regeneration.
You now have 516 gold pieces (gained 6).
You see here a +0 plate armour.
The death yak bellows! x3
The deep troll shaman shouts!
You hit the death yak but do no damage.
The death yak is poisoned.
The death yak misses you.
You hit the death yak.
The death yak looks as sick as possible!
The death yak is lightly wounded.
You block the death yak's attack.
You hit the death yak but do no damage.
The death yak is poisoned.
You stomp with the beat, sending a shockwave through the revellers around you!
The death yak is moderately wounded. x3
You can no longer stomp with the beat.
The death yak gores you!
You can now stomp with the beat.
Unknown command.
You stomp with the beat, sending a shockwave through the revellers around you!
The death yak is severely wounded. x2
The death yak is heavily wounded. x2
You can no longer stomp with the beat.
You block the death yak's attack. The death yak gores you!
* * * LOW HITPOINT WARNING * * *
You block the death yak's attack. The death yak misses you.
You can now stomp with the beat.
The death yak gores you!
You die...

..########........##
.## ###(#####♣....# .#
##.[.....###...## ##
##[".8..8...#....# #
##.........8.##...# #
#)[....8.#....#...#
###..8..8.###T..##..#
.###....T#####.YY##.#
.###.8.....##.YY@.#.#
÷.###...8...........##
#...###..............#
#.....###.....###....##
##...YY.#######.......#
##........♣....##..###
##.......YY†.######
#######Y...## ######


You could see 4 death yaks and a deep troll shaman.

Vanquished Creatures
  A dire elephant (Lair:5)
  Fannar (D:11)
  2 catoblepae
  6 hydras
  5 two-headed ogres
  9 death yaks
  Amaemon (Lair:1)
  A cyclops (D:11)
  A manticore (D:11)
  Pikel (D:5)
  15 elephants
  Maurice (D:10)
  An orange demon (Lair:1)
  8 black mambas
  A gargoyle (D:10)
  A torpor snail (Lair:4)
  Joseph (D:7)
  15 cane toads
  A kobold demonologist (D:10)
  4 rime drakes
  8 komodo dragons
  3 polar bears
  3 hornets
  A troll (D:10)
  A tyrant leech (Lair:2)
  14 blink frogs
  13 dream sheep
  A jumping spider (Lair:2)
  2 shadows
  3 wraiths (D:10)
  2 vampires
  A culicivora (Lair:2)
  3 wyverns
  42 yaks
  5 basilisks
  2 steam dragons
  2 redbacks (Lair:2)
  A swamp worm (Lair:2)
  3 acid dragons
  17 water moccasins
  3 black bears
  4 sky beasts
  7 ice beasts
  6 orc warriors
  15 wolves
  6 centaurs
  A phantom (D:6)
  2 lemures (D:5)
  A kobold brigand (D:6)
  9 bullfrogs
  2 gnoll sergeants
  3 scorpions
  A wyvern zombie (D:6)
  12 wights
  10 killer bees
  3 electric eels
  7 howler monkeys
  2 bombardier beetles (D:5)
  2 centaur zombies (D:6)
  14 orc priests
  3 bullfrog zombies (D:6)
  4 hounds
  4 jellies
  2 gnoll boudas
  4 iguanas
  A centaur skeleton (D:6)
  Crazy Yiuf (D:6)
  Ijyb (D:4)
  A sleepcap (D:4)
  13 orc wizards
  7 hell rats
  2 killer bee zombies (D:6)
  2 howler monkey zombies (D:6)
  21 gnolls
  8 adders
  A shadow imp (D:7)
  2 white imps
  2 ufetubi (D:5)
  2 dart slugs
  2 ribbon worms
  30 orcs
  7 ball pythons
  5 bats
  6 endoplasms
  3 giant cockroaches
  10 goblins
  5 hobgoblins
  4 jackals (D:1)
  5 quokkas
  5 frilled lizards
  5 kobolds
  10 rats
491 creatures vanquished.

Notes
Turn   | Place    | Note
-------+----------+-------------------------------------------
     0 | D:1      | monsoonserge the Spriggan Artificer began the quest for the
                  | Orb.
     0 | D:1      | Reached XP level 1. HP: 9/9 MP: 2/2
   197 | D:1      | Reached XP level 2. HP: 12/14 MP: 3/3
   235 | D:1      | Reached skill level 1 in Fighting
   249 | D:1      | Reached skill level 1 in Short Blades
   262 | D:1      | Found Lecli's Distillery.
   273 | D:1      | You fall into a shaft and drop 1 floor!
   273 | D:2      | Found a faded altar of an unknown god.
   525 | D:1      | Bought a potion of curing for 36 gold pieces
   675 | D:1      | Reached XP level 3. HP: 16/18 MP: 4/4
   937 | D:1      | Bought a potion of degeneration for 12 gold pieces
  1197 | D:2      | Reached skill level 2 in Stealth
  1301 | D:2      | Found Cemn's Armour Shop.
  1512 | D:3      | Reached XP level 4. HP: 20/22 MP: 5/5
  1821 | D:3      | Found Vienair's Antique Armour Shop.
  2213 | D:3      | Found a shimmering altar of Xom.
  2595 | D:4      | Reached XP level 5. HP: 20/25 MP: 6/6
  2754 | D:4      | Reached skill level 5 in Short Blades
  2808 | D:4      | Noticed Ijyb
  3152 | D:5      | Entered Level 5 of the Dungeon
  3225 | D:5      | Noticed a water moccasin
  3370 | D:5      | Reached XP level 6. HP: 7/30 MP: 7/7
  3768 | D:4      | Noticed a sky beast
  3774 | D:4      | Killed a sky beast
  3775 | D:4      | Reached skill level 3 in Stealth
  3788 | D:4      | Noticed an ice beast
  3791 | D:4      | Killed an ice beast
  3792 | D:4      | Reached XP level 7. HP: 33/33 MP: 8/8
  3900 | D:4      | Killed Ijyb
  4618 | D:5      | Reached skill level 4 in Stealth
  4822 | D:5      | Found Pestrythro's Weapon Shoppe.
  4997 | D:5      | Found a staircase to the Ecumenical Temple.
  5022 | Temple   | Entered the Ecumenical Temple
  5033 | Temple   | Became a worshipper of Uskayaw the Reveller
  5083 | D:5      | Reached * piety under Uskayaw
  5182 | D:5      | Reached ** piety under Uskayaw
  5224 | D:5      | Reached XP level 8. HP: 37/37 MP: 5/9
  5541 | D:5      | Reached skill level 1 in Invocations
  5578 | D:5      | Found a burning altar of Makhleb.
  5607 | D:5      | Found an ancient bone altar of Kikubaaqudgha.
  5618 | D:5      | Got Usuy's Parchment of the Telluric Mausoleum
  5677 | D:6      | Noticed Pikel
  5850 | D:5      | Reached skill level 5 in Stealth
  5903 | D:6      | Reached skill level 5 in Dodging
  5959 | D:5      | Killed Pikel
  5960 | D:5      | Reached skill level 10 in Short Blades
  5986 | D:6      | HP: 1/39 [wyvern zombie (8)]
  6064 | D:6      | Reached skill level 5 in Invocations
  6113 | D:6      | Reached XP level 9. HP: 41/42 MP: 13/13
  6278 | D:3      | Bought a glowing hat for 182 gold pieces
  6525 | D:6      | Reached *** piety under Uskayaw
  6528 | D:6      | Reached skill level 6 in Stealth
  6727 | D:6      | Reached skill level 7 in Stealth
  6873 | D:6      | Reached **** piety under Uskayaw
  6879 | D:6      | Reached skill level 1 in Shields
  7008 | D:6      | Found a runed translucent door.
  7009 | D:6      | Noticed Crazy Yiuf
  7016 | D:6      | Killed Crazy Yiuf
  7210 | D:7      | Noticed a two-headed ogre
  7306 | D:7      | Reached skill level 8 in Stealth
  7382 | D:7      | Killed a two-headed ogre
  7383 | D:7      | Reached skill level 9 in Stealth
  7383 | D:7      | Reached XP level 10. HP: 8/49 MP: 10/15
  7964 | D:7      | Reached skill level 10 in Stealth
  8141 | D:7      | Noticed Joseph
  8217 | D:8      | Found a white marble altar of Elyvilon.
  8240 | D:8      | Noticed a two-headed ogre
  8247 | D:8      | Killed a two-headed ogre
  8438 | D:1      | Bought a potion of invisibility for 96 gold pieces
  8607 | D:8      | Noticed a two-headed ogre
  8610 | D:8      | Killed a two-headed ogre
  8611 | D:8      | Reached skill level 11 in Stealth
  8719 | D:8      | Found a sparkling altar of Nemelex Xobeh.
  8719 | D:8      | Found a transporter.
  8719 | D:8      | Noticed a deep elf pyromancer
  8864 | D:8      | Identified the +0 cloak of a Thousand Ears {Harm rPois rF+}
  9055 | D:8      | Found Anaurphiarr's Antique Armour Boutique.
  9182 | D:9      | Found a sacrificial altar of Ru.
  9348 | D:10     | Entered Level 10 of the Dungeon
  9348 | D:10     | Noticed a two-headed ogre
  9352 | D:10     | Reached XP level 11. HP: 26/52 MP: 17/17
  9356 | D:10     | Killed a two-headed ogre
  9357 | D:10     | Reached skill level 1 in Armour
  9357 | D:10     | Reached skill level 12 in Stealth
  9573 | D:9      | Found a staircase to the Lair.
  9578 | D:9      | Noticed a death yak
  9629 | D:9      | Noticed a death yak
  9631 | D:9      | Noticed a death yak
  9686 | D:10     | Killed a death yak
  9833 | D:9      | Killed a death yak
  9844 | D:9      | Reached ***** piety under Uskayaw
  9845 | D:9      | Killed a death yak
 10146 | D:1      | Bought a potion of mutation for 96 gold pieces
 10350 | D:7      | Killed Joseph
 11285 | D:10     | Found a staircase to the Orcish Mines.
 11578 | D:10     | Reached skill level 13 in Stealth
 11884 | Lair:1   | Entered Level 1 of the Lair of Beasts
 12020 | Lair:1   | Reached skill level 10 in Dodging
 12024 | Lair:1   | Noticed Amaemon
 12084 | Lair:2   | Identified the +2 dagger of Pride {protect, rElec Stlth+}
 12439 | Lair:2   | Found a staircase to the Swamp.
 12495 | Lair:2   | Reached XP level 12. HP: 54/58 MP: 5/19
 12662 | Lair:2   | Reached skill level 14 in Stealth
 12946 | D:5      | Bought 5 atropa-tipped darts for 58 gold pieces
 13390 | Lair:1   | Identified the +3 scale mail "Tephu" {rF+}
 13435 | Lair:1   | Reached skill level 5 in Shields
 13742 | Lair:1   | Killed Amaemon
 14282 | Lair:2   | Found a hole to the Spider Nest.
 14853 | Lair:2   | Reached skill level 15 in Stealth
 15252 | D:10     | Noticed Maurice
 15255 | D:10     | Killed Maurice
 15256 | D:10     | Reached skill level 1 in Throwing
 15286 | D:10     | Noticed a two-headed ogre
 15338 | D:9      | Killed a two-headed ogre
 16468 | D:11     | Reached skill level 16 in Stealth
 16468 | D:11     | Reached skill level 10 in Invocations
 16765 | D:11     | Reached XP level 13. HP: 63/63 MP: 21/21
 17155 | D:11     | Noticed Fannar
 17211 | D:11     | Killed Fannar
 17212 | D:11     | Reached skill level 5 in Armour
 19255 | Lair:4   | Reached skill level 17 in Stealth
 20209 | Lair:4   | Learned a level 3 spell: Mephitic Cloud
 20296 | Lair:5   | Entered Level 5 of the Lair of Beasts
 20298 | Lair:5   | Found a staircase to the Slime Pits.
 20414 | Lair:4   | Reached skill level 1 in Spellcasting
 20502 | Lair:4   | Reached skill level 1 in Alchemy
 21049 | Lair:5   | Reached skill level 1 in Air Magic
 21122 | Lair:5   | Reached skill level 5 in Fighting
 21251 | Lair:5   | Reached skill level 1 in Conjurations
 21486 | Lair:4   | Reached XP level 14. HP: 28/68 MP: 19/23
 21984 | Lair:5   | Found the +3 pair of gauntlets of War {Slay+5}
 24594 | Lair:5   | Reached skill level 18 in Stealth
 24818 | Lair:5   | Slain by a death yak

Illustrated notes

Levels and vault maps discovered:
D:1:      amcnicky_arrival_gap_in_the_tavern_cellar, layout_basic, serial_shops,
          shop
D:2:      layout_basic, ebering_ecumenical_altar_webs, serial_shops, shop
D:3:      layout_rooms, regret_index_xom_buried_treasure, serial_shops, shop
D:4:      layout_basic, uniq_ijyb
D:5:      layout_basic, mainiacjoe_overflow_two_lobes,
          minmay_temple_entry_large_hall, serial_shops, shop
D:6:      layout_cave_pools, serial_undead, serial_undead_c, serial_undead_f,
          serial_undead_c, serial_undead_a, serial_undead_e, serial_undead_b,
          serial_undead_b, uniq_pikel, uniq_crazy_yiuf_cottage
D:7:      cheibrodos_fzero, layout_cave_pods, hangedman_decor_points,
          uniq_joseph
D:8:      cheibrodos_helix_gallery, layout_cave_pools, grunt_nemelex_the_gamble,
          elyvilon_altar_5, serial_shops, shop
D:9:      layout_layer_cave, overflow_temple_1_default, dpeg_lair_monsters
D:10:     minmay_thinvault, layout_basic, erik_orc_4, uniq_maurice
D:11:     layout_grid_maze, uniq_fannar
Temple:   lightli_temple_of_artemis
Lair:1:   layout_hall_layers, grunt_megastairs_5, uniq_amaemon
Lair:2:   layout_hall_layers, minmay_swamp_entry_worms,
          spider_nest_entry_funnel_web
Lair:3:   layout_layer_cave, pdpol_lair_cavern_descent
Lair:4:   layout_loops_ring, grunt_megastairs_4
Lair:5:   grunt_lair_end_beastmaster, layout_layer_cave,
          minmay_slime_entry_oklob_open, nicolae_quartered_pool_medium

Skill      XL: |  1  2  3  4  5  6  7  8  9 10 11 12 13 14 |
---------------+-------------------------------------------+-----
Fighting       | 1 2 3 4 5 |  5.3
Short Blades   | 1 3 4 6 7 9 10 | 10.0
Dodging        | 4 5 7 9 10 11 12 13 | 13.0
Stealth        | 2 3 4 5 9 11 13 16 17 18 | 18.0
Invocations    | 5 6 7 8 10 11 | 11.3
Shields        | 2 3 4 5 7 |  7.6
Armour         | 3 4 5 |  5.2
Throwing       | 1 |  1.2
Spellcasting   | 3 4 |  4.3
Alchemy        | 1 3 |  3.1
Air Magic      | 1 3 |  3.0
Conjurations   | 1 2 |  2.0
Evocations     | |  4.7

Action                     |  1- 3 |  4- 6 |  7- 9 | 10-12 | 13-15 || total
---------------------------+-------+-------+-------+-------+-------++-------
  Melee: Club              |    30 |       |       |       |       ||    30
         Dagger            |   206 |   251 |   395 |   921 |  1129 ||  2902
         Punch             |     2 |     4 |     4 |       |       ||    10
         Rapier            |       |       |       |       |     3 ||     3
  Throw: Dart              |       |       |     6 |    12 |     3 ||    21
         Boomerang         |       |       |     3 |     5 |     2 ||    10
 Invoke: Stomp             |       |       |    21 |    49 |   102 ||   172
         Line Pass         |       |       |     6 |    15 |     9 ||    30
  Evoke: Wand              |     9 |    10 |    17 |       |     2 ||    38
    Use: Scroll            |       |       |     3 |    13 |     3 ||    19
   Stab: Sleeping          |     7 |    10 |     4 |    36 |    16 ||    73
         Distracted        |     1 |       |       |     9 |     1 ||    11
         Confused          |       |       |     4 |    11 |    11 ||    26
         Paralysed         |       |       |     3 |    14 |     8 ||    25
         Petrified         |       |       |       |       |     4 ||     4
 Armour: Robe              |    67 |    60 |    92 |    15 |       ||   234
         Acid dragon scale |       |       |       |   127 |   313 ||   440
  Dodge: Dodged            |   207 |   153 |   238 |   342 |   623 ||  1563
  Block: Buckler           |       |       |    18 |   278 |   550 ||   846
         Reflection        |       |       |       |     2 |     2 ||     4
